← All builds
Tech / Armada / Economy first / OBSERVED BUILD

Standard tech

Standard Tech play: rush T2 factory and constructor by ~4:15-4:33, upgrade the first mexes to advanced, and hand off constructors and army to Geo and allies while scaling eco over the game.

Usually first T2 con to Geo (85%)

#eco #t2 #team support · 681 distinct matches · 101 players · 59% of Armada Tech games · team won 53% of 793 · Recently observed

HOW TO PLAY IT

Key timing: T2 lab by 4:15

  1. Take 3 mex, then wind and a Bot Lab to open eco fast.
  2. Push T2 lab out, aim to pass T2 to air player.
  3. Get first T2 constructor building, prioritize mex upgrades over eco.
  4. Finish Advanced Metal Extractor, keep upgrading team's mex.
  5. Add fus and anti-nuke, keep feeding T2 cons and Umbrella/Citadel to team.

Phase by phase

TYPICAL OF ITS 681 GAMES
  1. 1
  2. 2
  3. 3
  4. 4
PLAY THE OPENING

Follow the example game's first 6:00 step by step: what to build now, what comes next, and where it goes. At 1× it keeps pace with your own game.

  1. 1

    Up to the Bot Lab

    Economy
    • Metal Extractor3Mex
    • Wind Turbine4Wind
    Order
    1. Bot LabBot Lab after 3 mex, 4 winddone ~1:18, middle half 1:13–1:32

    Some games also: energy storage (30%)

    By 1:01 in all: 3 mex · 4 wind

    The example game in this phase · 5 steps
    1. Mex ×3
    2. Wind ×5
    3. Energy storage
    4. Wind
    5. Bot LabBot Labdone 1:45 · typical 1:18
  2. 2

    Bot Lab to Advanced Bot Lab

    Economy
    • Metal Extractor1Mex
    • Wind Turbine8Wind
    • Energy Storage1Energy storage
    Order
    1. Advanced Bot LabAdvanced Bot Lab after 4 mex, 12 wind, 3 con turretdone ~4:15, middle half 4:04–4:27
    Builders
    • Construction Turret3 Con turret
    • Lazarus3 Lazarus
    • Construction Bot2 Con bot
    • Construction Bot1 Con bot for allies

    Some games also: converter (36%)

    By 3:20 in all: 4 mex · 12 wind · 1 energy storage · 3 con turret

    The example game in this phase · 17 steps
    1. Wind
    2. Construction BotCon bot
    3. Wind
    4. Construction BotCon botfor Air
    5. Con turret
    6. Wind
    7. LazarusLazarus
    8. Con turret
    9. Mex
    10. Wind
    11. LazarusLazarus ×2
    12. Wind ×5
    13. Energy storage
    14. Con turret
    15. Wind ×2
    16. Converter
    17. Advanced Bot LabAdvanced Bot Labdone 4:24 · typical 4:15
  3. 3

    Advanced Bot Lab to 5:00

    Economy
    • Wind Turbine2Wind
    Builders
    • Advanced Construction Bot1 T2 con bot for allies

    Some games also: converter (35%)

    By 5:00 in all: 4 mex · 15 wind · 2 converter · 1 energy storage · 3 con turret

    The example game in this phase · 4 steps
    1. Converter ×2
    2. Advanced Construction BotT2 con botfor Geo
    3. FatboyFatboyfor Ponddone 5:25
    4. Advanced Metal ExtractorT2 mexdone 5:07 · typical 5:28
  4. 4

    5:00 to 10:00

    Economy
    • Wind Turbine43Wind
    • Energy Converter5Converter
    Builders
    • Butler8 Butler
    • Advanced Construction Bot4 T2 con bot for allies
    • Advanced Construction Bot1 T2 con bot

    Some games also: con turret (46%) · Butler for allies (38%)

    By 10:00 in all: 4 mex · 58 wind · 7 converter · 1 energy storage · 3 con turret

    The example game in this phase · 145 steps
    1. Advanced Construction BotT2 con botfor Pond
    2. Advanced Metal ExtractorT2 mex
    3. ButlerButler
    4. Advanced Metal ExtractorT2 mex
    5. ButlerButler
    6. Advanced Construction BotT2 con botfor Geo sea
    7. ButlerButler ×2
    8. Wind
    9. Advanced Metal ExtractorT2 mex
    10. Wind ×2
    11. ButlerButlerfor Geo sea
    12. Wind
    13. ButlerButler
    14. Wind
    15. Advanced Construction BotT2 con botfor Pond
    16. Wind ×2
    17. ButlerButler
    18. Wind ×3
    19. ButlerButler
    20. Wind ×6
    21. Advanced Construction BotT2 con botfor Beach sea
    22. Wind ×11
    23. Con turret
    24. Wind ×4
    25. Converter
    26. Wind ×9
    27. Con turret
    28. Wind ×2
    29. Converter
    30. Wind ×6
    31. Con turret
    32. Wind ×6
    33. Converter
    34. Wind
    35. Con turret
    36. Wind ×6
    37. Con turret
    38. Wind ×3
    39. Converter
    40. Wind
    41. Advanced Construction BotT2 con bot
    42. Wind ×4
    43. Con turret
    44. Wind ×5
    45. Converter
    46. Wind ×2
    47. ButlerButlerfor Air
    48. Wind ×2
    49. ButlerButlerfor Air
    50. Wind ×3
    51. ButlerButler
    52. Wind ×3
    53. GunslingerGunslingerdone 10:22
    54. Wind
    55. Converter
    56. Wind ×10
    57. Converter
    58. Wind ×3
    59. Converter
    60. Wind ×2
    61. Converter
    62. Wind
    63. Converter
    64. Wind
    65. Converter
    66. Wind
    67. Converter ×2
    68. Con turret
    69. Wind ×3
    70. Con turret
    71. Converter
    72. Wind ×3
    73. Metal storage
    74. Wind
    75. Converter
    76. Wind ×6
    77. Converter ×2
    78. Wind ×2
    79. Converter
    80. Wind ×2
    81. Converter ×2
    82. Wind
    83. Converter
    84. Wind ×2
    85. Converter
    86. Wind
    87. Converter
    88. Wind
    89. Converter ×2
    90. Wind ×2
    91. Converter ×2
    92. Wind ×10
    93. CitadelAnti-nukedone 12:21
    94. Converter
    95. Wind ×14
    96. Converter
    97. Wind ×11
    98. Converter
    99. Wind
    100. TracerTracer
    101. Wind ×6
    102. Advanced Construction BotT2 con bot
    103. Wind ×4
    104. Converter
    105. Wind ×3
    106. Fusion ReactorFusiondone 13:15
    107. Wind ×6
    108. Converter
    109. Wind ×9
    110. Converter
    111. Wind
    112. Fusion ReactorFusion
    113. Wind ×2
    114. Advanced Metal ExtractorT2 mex
    115. Wind ×7
    116. Converter
    117. Wind ×9
    118. Converter
    119. Wind ×9
    120. Converter
    121. Wind ×2
    122. Con turret
    123. Wind ×2
    124. T2 converter
    125. Wind
    126. Con turret
    127. Wind ×4
    128. Con turret
    129. Wind
    130. Converter
    131. Wind
    132. Advanced Metal ExtractorT2 mex
    133. Wind
    134. Con turret
    135. Wind ×2
    136. T2 converter
    137. Wind
    138. Con turret
    139. Wind ×5
    140. Con turret
    141. Converter
    142. Wind ×2
    143. Con turret
    144. Wind
    145. T2 converter

Counts are medians over the build's games: half of them build more, half fewer. The example game is Amrissa's (39 OS, 20/09/2026); pick another.

Team trades

IN AT LEAST 30% OF ITS GAMES

You hand over

  • Construction Bot1 Con bot to Airfirst at 2:22 · in 88% of games
  • Advanced Construction Bot5 T2 con bot to Air or Pond or Geo seafirst at 4:46 · in 99% of games
  • Sharpshooter2 Sniper bot to Pondfirst at 5:23 · in 33% of games
  • Butler2 Butler to Geo sea or Beach sea or Pondfirst at 9:03 · in 42% of games

You get

  • Hercules1 Light transport from Airfirst at 3:59 · in 85% of games

How it plays out

Typical game of this build, running totals by minute

Metal produced

020k40k
0:005:0010:0015:00

metal

Enemy metal destroyed

0200400
0:005:0010:0015:00

metal

Own metal lost

0100200300
0:005:0010:0015:00

metal

793 games.

Show as table
ByMetal produced: This buildEnemy metal destroyed: This buildOwn metal lost: This build
1:0038300
2:0091500
3:00163500
4:00314800
5:00486300
6:00580700
7:00722000
8:00906100
9:001124700
10:001355300
11:001634200
12:001985000
13:002364400
14:0027360125130
15:0031473385260
WHAT THE NUMBERS SAY

This is the role's baseline and wins slightly more than half its games with a huge metal lead but almost no kills, showing its value is economic not combat.

  • + Produces 31389 metal by 15:00, far above other roles.
  • + Reaches T2 lab and constructor by 4:15-4:33 almost every game.
  • − Barely destroys any enemy metal (400 by 15:00), no combat presence.
  • − Fusion Reactor and anti-nuke only land in 44% of games.
THE EXAMPLE YOU ARE READING

Amrissa

39.3 OS · 20/09/2026

Open source match ↗

4 received units
4095 metal received · 86297 energy received

Allied construction assistance is unknown. Timings are observations, not a promise of solo reproducibility.

Typical milestones

Bot Lab1:18Middle 50%: 1:13–1:32 · n=793
Advanced Bot Lab4:15Middle 50%: 4:04–4:27 · n=787
Advanced Metal Extractor5:28Middle 50%: 5:06–5:58 · n=791

Played most by

Amrissa100games of this buildSyphos34games of this buildKOT_33games of this buildTeaner28games of this buildAdeus26games of this build